Map: Blackpink LE

Players

EGG

  • Race: Zerg Zerg
  • League: Grandmaster
  • Spawn Location: 1:00

eGGz - Winner!

  • Race: Zerg Zerg
  • League: Master
  • Spawn Location: 7:00

VOD

Have the link to the VOD?

Description

Time

  • Played on: Feb. 1, 2018, 4:23 p.m.
  • Length: 7:59
Show
View Real Time Build Order
Export as new Build Order

EGG Zerg 

Build Orders: Hatch First 

Get SALT Encoding   

  12  0:01  Drone  
  13  0:13  Overlord  
  13  0:18  Drone  
  14  0:31  Drone x2  
  14  0:35  Drone  
  17  0:53  Hatchery  
  17  0:57  Drone  
  17  0:59  Drone  
  17  1:03  Extractor  
  17  1:15  Spawning Pool  
  17  1:18  Drone  
  17  1:21  Drone  
  18  1:30  Drone  
  19  1:39  Overlord  
  19  2:03  Queen, Zergling x4  
  19  2:05  Queen  
  19  2:06  Zergling x2  
  26  2:15  Zergling x2  
  21  2:25  Zergling x2  
  18  2:41  Drone  
  17  2:58  Drone x2  
  19  2:59  Drone  
  20  3:06  Drone  
  21  3:21  Drone x3  
  21  3:26  Drone  
  25  3:28  Drone  
  25  3:33  Drone  
  27  3:37  Drone  
  27  3:40  Drone  
  29  3:45  Drone  
  29  3:46  Drone  
  31  3:50  Drone  
  32  4:04  Drone x4  
  32  4:07  Metabolic Boost  
  36  4:23  Overlord  
  36  4:25  Baneling Nest  
  36  4:26  Overlord  
  36  4:29  Drone  
  36  4:47  Drone x3  
  36  4:50  Hatchery  
  38  4:56  Drone  
  38  4:57  Drone x4  
  43  5:05  Roach Warren  
  42  5:08  Overlord  
  42  5:12  Overlord  
  42  5:20  Drone x2  
  44  5:22  Evolution Chamber  
  44  5:26  Lair, Extractor  
  42  5:30  Overlord  
  42  5:32  Drone x2  
  43  5:44  Drone x3  
  43  5:47  Roach x3  
  50  5:51  Overlord  
  50  5:57  Zerg Missile Weapons Level 1, Extractor  
  49  6:07  Overlord  
  49  6:10  Zergling x14  
  55  6:17  Drone x3  
  55  6:18  Roach  
  60  6:27  Glial Reconstitution  
  60  6:28  Queen  
  60  6:29  Drone  
  60  6:30  Drone  
  64  6:34  Drone x3  
  64  6:35  Drone  
  68  6:45  Drone x6  
  74  6:48  Overlord  
  73  7:01  Roach x4  
  73  7:02  Roach  
  73  7:08  Roach x3  
  87  7:15  Extractor  
  87  7:16  Roach x2  
  87  7:18  Overlord  
  87  7:19  Overlord  
  87  7:21  Extractor  
  89  7:28  Roach  
  89  7:29  Roach x3  
  97  7:31  Overlord  
Show
View Real Time Build Order
Export as new Build Order

eGGz Zerg - Winner!

Build Orders: Pool First 

Get SALT Encoding   

  12  0:17  Spawning Pool  
  11  0:22  Drone  
  11  0:27  Drone  
  13  0:30  Drone  
  14  0:41  Overlord  
  14  1:05  Zergling x4  
  14  1:06  Queen, Zergling x2  
  19  1:16  Zergling x2  
  20  1:27  Zergling x2  
  21  1:33  Hatchery  
  21  1:37  Zergling x2  
  21  1:50  Overlord  
  21  2:01  Zergling x2  
  21  2:18  Drone x3, Queen  
  26  2:27  Drone x2  
  26  2:37  Drone  
  24  2:45  Queen  
  24  2:46  Zergling x2  
  24  2:50  Drone x2  
  29  2:54  Drone x2  
  29  2:56  Drone  
  32  2:59  Drone  
  33  3:11  Drone x2  
  33  3:12  Spine Crawler  
  33  3:17  Spine Crawler  
  32  3:25  Overlord x2  
  32  3:43  Queen  
  32  3:45  Drone x6  
  40  3:49  Drone x2  
  42  3:56  Zergling x2  
  42  3:57  Zergling x2  
  44  4:03  Overlord  
  44  4:12  Overlord  
  44  4:14  Extractor x2  
  44  4:15  Drone  
  44  4:16  Roach Warren  
  41  4:17  Drone  
  41  4:18  Evolution Chamber  
  41  4:20  Drone  
  43  4:24  Drone x2  
  44  4:32  Drone x2  
  46  4:42  Hatchery  
  45  4:50  Drone x4  
  49  4:56  Extractor  
  49  4:59  Lair  
  48  5:00  Drone x2  
  48  5:01  Drone x2  
  52  5:12  Roach x2  
  56  5:15  Overlord  
  56  5:16  Drone  
  57  5:25  Roach  
  57  5:27  Overlord  
  59  5:32  Overlord  
  59  5:34  Roach  
  59  5:35  Roach x2  
  65  5:42  Roach x2  
  67  5:50  Zerg Missile Weapons Level 1, Extractor  
  66  5:57  Drone x3  
  66  6:01  Glial Reconstitution  
  66  6:03  Drone x3  
  72  6:14  Drone  
  72  6:15  Roach x4  
  81  6:24  Overlord  
  81  6:26  Overlord x2  
  81  6:27  Roach  
  81  6:28  Roach x2  
  81  6:32  Roach  
  89  6:38  Overlord  
  89  6:44  Roach x4  
  89  6:45  Roach x2  
  89  6:46  Roach x2  
  105  6:51  Roach  
  107  7:01  Roach x5  
  109  7:03  Roach x2  
  117  7:09  Roach x2  
  117  7:13  Overlord  
  121  7:17  Overlord  
  121  7:19  Overlord  
  121  7:29  Drone  
  122  7:32  Overlord  
  122  7:33  Drone x4  
  122  7:34  Drone x2  
  127  7:45  Drone  
  127  7:46  Drone x7  
  127  7:47  Drone  
Tags
 
Add a new tag
Caveats
  • Supply blocks, unpowered buildings, or Contaminate may cause inaccurate times.
  • Supply counts are checked every 10 seconds.